 Dungeon Crawl Stone Soup version 0.20-a0-972-gb9bd3e6 (webtiles) character file.

130 Rrauwl the Grasshopper (level 5, -3/52 HPs)
             Began as a Halfling Warper on Apr 9, 2017.
             Was a Follower of Trog.
             Slain by an ogre
             ... wielding a +0 giant club
              (19 damage)
             ... on level 3 of the Dungeon.
             The game lasted 00:10:13 (2834 turns).

Rrauwl the Grasshopper (Halfling Warper)            Turns: 2834, Time: 00:10:14

Health: -3/52      AC:  4    Str: 18    XL:     5   Next: 36%
Magic:  8/8        EV: 15    Int: 11    God:    Trog [*.....]
Gold:   140        SH:  0    Dex: 14    Spells: 6/8 levels left

rFire    . . .     SeeInvis .   a - +0 hand axe
rCold    . . .     Gourm    .   (shield restricted)
rNeg     . . .     Faith    .   n - +0 leather armour
rPois    .         Spirit   .   (no helmet)
rElec    .         Reflect  .   i - +0 cloak
rCorr    .         Harm     .   (no gloves)
MR       .....                  (no boots)
Stlth    ..........             g - amulet of magic regeneration
Regen    0.2/turn               e - ring of stealth
MPRegen  0.2/turn               (no ring)

@: berserking, very quick
A: mutation resistance 1
a: Berserk, Burn Spellbooks, Renounce Religion


You were on level 3 of the Dungeon.
You worshipped Trog.
Trog was aware of your devotion.
You were very hungry.

You visited 1 branch of the dungeon, and saw 3 of its levels.

You collected 140 gold pieces.

Inventory:

Hand Weapons
 a - a +0 hand axe (weapon)
 b - a +0 hunting sling
Missiles
 j - 14 sling bullets
Armour
 i - a +0 cloak (worn)
 n - a +0 leather armour (worn)
Jewellery
 e - a ring of stealth (left hand)
 g - an amulet of magic regeneration (around neck)
Wands
 k - a wand of lightning (3/15)
Scrolls
 d - a scroll of blinking
 h - a scroll of identify
Potions
 q - a potion of brilliance
 r - a potion of flight {unknown}
 s - a potion of heal wounds
Books
 c - a book of Spatial Translocations

   Spells                             Type                      Level
   a - Blink                          Translocation                2
   b - Shroud of Golubria             Charms/Translocation         2
   c - Lesser Beckoning               Translocation                3
   d - Gell's Gravitas                Translocation                3
   e - Teleport Other                 Translocation                3
   f - Passage of Golubria            Translocation                4
   Trog disapproves of the use of such an item.
Comestibles
 f - 3 bread rations
 l - 2 royal jellies
 m - 7 fruits
 o - 4 chunks of flesh
 p - a meat ration


   Skills:
 + Level 2.6 Fighting
 + Level 2.9 Axes
 + Level 1.9(2.2) Slings
 - Level 1.0(1.2) Throwing
 + Level 2.3 Armour
 + Level 2.9 Dodging
 - Level 2.0 Spellcasting
 - Level 3.2 Translocations


You had 6 spell levels left.
You knew the following spells:

 Your Spells              Type           Power        Failure   Level  Hunger
a - Blink                 Tloc           N/A          17%         2    ###....


Dungeon Overview and Level Annotations

Branches:
Dungeon (3/15)

Altars:
Trog


Innate Abilities, Weirdness & Mutations

You are small and have problems with some larger weapons.
You are somewhat resistant to further mutation.


Message History

Found a stone staircase leading down.
The ogre shouts!
There is a stone staircase leading down here.
A red film seems to cover your vision as you go berserk!
You feel yourself moving faster!
You feel mighty!
You are feeling very hungry.
The ogre hits you with a giant club!
You slash the ogre!
The ogre is heavily wounded.
You barely miss the ogre.
The ogre is heavily wounded.
The ogre hits you with a giant club!!
You slash the ogre!
The ogre is almost dead.
A goblin comes into view. It is wielding a dagger.
You barely miss the ogre.
The ogre is almost dead.
The goblin shouts!
The ogre hits you with a giant club!!
You die...

#......# ..####.### ####.....#
**##.....## ###****** ..........#
#..,,,,,* .###......# #.#****,* ,*
#......# #.# *,* ,* ###.##.#
#.#####.#### ,*
#.##.###...@O...>.# ,*
#.....#.#.####.##g##* **
###....###..**,.....#
#...#.#.#.####....##
########...##.##.##.......#######
#.............##.##.....#........
....รท..........#.##....###.....##
...............#.##.....#......#
#.######.###..#................#


You could see an ogre and a goblin.

Vanquished Creatures
  Ijyb (D:3)
  3 adders
  2 worms (D:2)
  2 dart slugs (D:1)
  3 leopard geckos
  2 orcs (D:3)
  A giant cockroach (D:3)
  4 goblins
  2 hobgoblins (D:1)
  11 jackals
  3 quokkas
  3 ball pythons
  6 bats
  8 frilled lizards
  7 kobolds
  8 rats
66 creatures vanquished.

Notes
Turn   | Place    | Note
-------+----------+-------------------------------------------
     0 | D:1      | Rrauwl the Halfling Warper began the quest for the Orb.
     0 | D:1      | Reached XP level 1. HP: 14/14 MP: 3/3
    94 | D:1      | Reached XP level 2. HP: 16/19 MP: 4/4
   284 | D:1      | Reached XP level 3. HP: 10/24 MP: 5/5
   946 | D:2      | Reached skill level 1 in Slings
  1419 | D:2      | Reached XP level 4. HP: 29/29 MP: 5/7
  1423 | D:2      | Learned a level 2 spell: Blink
  2083 | D:3      | Noticed Ijyb
  2117 | D:3      | Killed Ijyb
  2117 | D:3      | Reached XP level 5. HP: 6/35 MP: 8/8
  2409 | D:3      | Found a faded altar of an unknown god.
  2416 | D:3      | Became a worshipper of Trog the Wrathful
  2416 | D:3      | Reached * piety under Trog
  2826 | D:3      | Noticed an ogre
  2834 | D:3      | Slain by an ogre

Vault maps used:
D:1:      dpeg_arrival_shelter
D:3:      first_bread, chequers_ecumenical_altar_lobes, grunt_decor_one_mirror,
          uniq_iyjb

Skill      XL: |  1  2  3  4 |
---------------+-------------+-----
Fighting       | 2 |  2.6
Slings         | 1 |  1.9
Spellcasting   | 2 |  2.0
Armour         | 2 |  2.3
Axes           | |  2.9
Throwing       | |  1.0
Dodging        | |  2.9
Translocations | |  3.2

Action                   |  1- 3 |  4- 6 || total
-------------------------+-------+-------++-------
Melee: Hand axe          |   118 |   134 ||   252
 Fire: Hunting sling     |    14 |    34 ||    48
Throw: Tomahawk          |     5 |       ||     5
Invok: Berserk           |       |     1 ||     1
  Use: Scroll            |     3 |     3 ||     6
       Potion            |     6 |     1 ||     7
 Stab: Sleeping          |       |     3 ||     3
  Eat: Chunk             |     2 |     4 ||     6
Armor: Leather armour    |    36 |    33 ||    69
       Skin              |     4 |    26 ||    30
Dodge: Dodged            |    92 |    98 ||   190
